 Dungeon Crawl Stone Soup version 0.29.0-4-gdea44cf6ec (webtiles) character file.

Game seed: 569454204683154107

103 qw the Chopper (level 4, 0/26 HPs)
             Began as a Tengu Warper on Aug 28, 2022.
             Succumbed to a kobold's poison
             ... on level 3 of the Dungeon.
             The game lasted 00:00:15 (2249 turns).

qw the Chopper (Tengu Warper)                       Turns: 2249, Time: 00:00:16

Health: 0/26       AC:  6    Str: 13    XL:     4   Next: 79%
Magic:  8/8        EV: 12    Int: 14    God:
Gold:   156        SH:  0    Dex: 13    Spells: 7/7 levels left

rFire   + . .      SeeInvis .   Y - +1 hand axe (flame)
rCold   . . .      Faith    .   (no shield)
rNeg    . . .      Spirit   .   b - +0 leather armour
rPois   .          Reflect  .   g - +2 hat
rElec   .          Harm     .   c - +0 cloak
rCorr   .          Rampage  .   (no gloves)
Will    .....                   (boots unavailable)
Stlth   +.........              (no amulet)
HPRegen 0.08/turn               k - ring of protection from fire
MPRegen 0.11/turn               (no ring)

@: lethally poisoned (0 -> -1)
A: beak, talons 3
a: no special abilities


You were on level 3 of the Dungeon.
You visited 1 branch of the dungeon, and saw 3 of its levels.

You collected 156 gold pieces.


Innate Abilities, Weirdness & Mutations

You have a beak for a mouth.
You have claws for feet.


   Skills:
 - Level 2.0 Fighting
 + Level 5.3 Axes
 - Level 1.0 Throwing
 - Level 1.1 Armour
 - Level 2.1 Dodging
 - Level 2.0 Spellcasting
 - Level 2.4 Translocations


You had 7 spell levels left.
You didn't know any spells.
Your spell library contained the following spells:

 Spells                   Type           Power      Damage    Failure   Level
 Blink                    Tloc           16%        N/A       17%         2
 Gell's Gravitas          Tloc           8%         N/A       34%         3
 Lesser Beckoning         Tloc           8%         N/A       34%         3
 Teleport Other           Tloc           8%         N/A       34%         3
 Manifold Assault         Tloc           8%         N/A       97%         5

Inventory:

Hand Weapons
 Y - a +1 hand axe of flaming (weapon)
Armour
 b - a +0 leather armour (worn)
 c - a +0 cloak (worn)
 g - a +2 hat (worn)
Jewellery
 k - a ring of protection from fire (left hand)
Scrolls
 e - a scroll of identify
Potions
 f - a potion of heal wounds

Dungeon Overview and Level Annotations

Branches:
Dungeon (3/15)

Altars:

Shops:
D:1 =


Message History

Items here: %% )).
Things that are here:
a +0 hand axe; a +0 leather armour
2229 ||| FLEEEEING.
2230 ||| FLEEEEING.
2231 ||| FLEEEEING.
2232 ||| FLEEEEING.
2233 ||| FLEEEEING.
The kobold throws a poisoned dart.
The poisoned dart hits you!
You are poisoned.
2234 ||| FLEEEEING.
You feel sick.
2235 ||| FLEEEEING.
You feel sick.
You feel sick.
You feel sick.
You feel sick.
You feel sick.
2240 ||| FLEEEEING.
You feel sick.
You are no longer poisoned.
2241 ||| FLEEEEING.
The kobold throws a poisoned dart.
The poisoned dart hits you!
You are lethally poisoned!
2242 ||| FLEEEEING.
You feel sick.
2243 ||| FLEEEEING.
You feel sick.
2244 ||| FLEEEEING.
You feel sick.
2245 ||| FLEEEEING.
You feel sick.
2246 ||| FLEEEEING.
You feel sick.
2247 ||| FLEEEEING.
You feel sick.
2248 ||| FLEEEEING.
You feel sick.
2249 ||| FLEEEEING.
You die...

#.# #... #.# ####..#
#.# ##......
#.######...#..#
########........#.....
.........######...#..#
.####.....#####.#.##'#
#.........>..####...
#.#@....###.## #.... #
##...## #..##.#...
#.###.## #.##.8.8.8
#.# #.# #.#....... #.#
#.# #.+.....!. #.# #.#
###....... #.# #.#
##.8.8.8 #.# #.#
##.#... #####.###K####
##....


There were no monsters in sight!

Vanquished Creatures
  A jelly (D:2)
  2 adders (D:3)
  3 worms
  A dart slug (D:2)
  5 orcs (D:3)
  2 endoplasms (D:1)
  A giant cockroach (D:2)
  4 goblins
  4 hobgoblins
  2 jackals (D:3)
  3 quokkas
  5 ball pythons
  4 bats
  A frilled lizard (D:1)
  A kobold (D:1)
39 creatures vanquished.

Notes
Turn   | Place    | Note
-------+----------+-------------------------------------------
     0 | D:1      | qw the Tengu Warper began the quest for the Orb.
     0 | D:1      | Reached XP level 1. HP: 12/12 MP: 4/4
     0 | D:1      | 0 ||| qw: Version: 0.1-a-89-g26bdef1
     0 | D:1      | 0 ||| qw: Game counter: 464
     0 | D:1      | 0 ||| qw: Always use a shield: true
     0 | D:1      | 0 ||| qw: God list: Okawaru
     0 | D:1      | 0 ||| qw: Allow faded altars: false
     0 | D:1      | 0 ||| qw: Do Orc after D:15 true
     0 | D:1      | 0 ||| qw: Do second Lair branch before Depths: true
     0 | D:1      | 0 ||| qw: Lair rune preference: random
     0 | D:1      | 0 ||| qw: Plans: Normal
     0 | D:1      | 0 ||| PLANNING D:1-11
   211 | D:1      | Reached XP level 2. HP: 16/17 MP: 6/6
   249 | D:1      | Reached skill level 3 in Axes
   318 | D:1      | Found a faded altar of an unknown god.
   351 | D:1      | Found Zexenod's Jewellery Boutique.
   360 | D:1      | 360 ||| SHOPLISTING +4 ring of protection (432 gold, have
                  | 31).
   360 | D:1      | 360 ||| SHOPLISTING +4 ring of slaying (936 gold, have 31).
   360 | D:1      | 360 ||| SHOPLISTING amulet of regeneration (360 gold, have
                  | 31).
   360 | D:1      | 360 ||| SHOPLISTING ring of Xom's Amusement {rPois Int+5
                  | SInv} (500 gold, have 31).
   360 | D:1      | 360 ||| SHOPLISTING ring of see invisible (180 gold, have
                  | 31).
   428 | D:1      | 428 ||| UPGRADING to +2 hat.
   433 | D:1      | 433 ||| UPGRADING to ring of protection from fire.
   434 | D:1      | 434 ||| READING scroll labelled IBEPNA FEATT.
   435 | D:1      | 435 ||| READING 4 scrolls labelled CAKKUF XETAO.
   436 | D:1      | 436 ||| DRINKING 2 fizzy dark potions.
   437 | D:1      | 437 ||| DRINKING 2 viscous golden potions.
   438 | D:1      | 438 ||| READING 3 scrolls of identify.
   438 | D:1      | 438 ||| IDENTIFYING bubbling sapphire potion
   439 | D:1      | 439 ||| READING 2 scrolls of identify.
   439 | D:1      | 439 ||| IDENTIFYING murky puce potion
   440 | D:1      | 440 ||| DROPPING scroll of blinking.
   441 | D:1      | 441 ||| DROPPING potion of degeneration.
   442 | D:1      | 442 ||| DROPPING potion of berserk rage.
   443 | D:1      | 443 ||| DROPPING potion of brilliance.
   930 | D:2      | Reached XP level 3. HP: 20/21 MP: 7/7
  1026 | D:2      | 1026 ||| Stepping ~*~*~tactically~*~*~ (stealth).
  1028 | D:2      | 1028 ||| Stepping ~*~*~tactically~*~*~ (stealth).
  1030 | D:2      | 1030 ||| Stepping ~*~*~tactically~*~*~ (hiding).
  1239 | D:2      | Reached skill level 4 in Axes
  1239 | D:2      | Reached XP level 4. HP: 21/26 MP: 8/8
  1576 | D:2      | 1576 ||| READING 2 scrolls labelled FAQUTT ZOIWNA.
  1577 | D:2      | 1577 ||| DROPPING scroll of immolation.
  1658 | D:3      | 1658 ||| Stepping ~*~*~tactically~*~*~ (stealth).
  1660 | D:3      | 1660 ||| Stepping ~*~*~tactically~*~*~ (stealth).
  1736 | D:3      | 1736 ||| FLEEEEING.
  1737 | D:3      | 1737 ||| FLEEEEING.
  1738 | D:3      | 1738 ||| FLEEEEING.
  1739 | D:3      | 1739 ||| FLEEEEING.
  1740 | D:3      | 1740 ||| FLEEEEING.
  1754 | D:3      | 1754 ||| FLEEEEING.
  1777 | D:3      | 1777 ||| FLEEEEING.
  1778 | D:3      | 1778 ||| FLEEEEING.
  1779 | D:3      | 1779 ||| FLEEEEING.
  1780 | D:3      | 1780 ||| FLEEEEING.
  1781 | D:3      | 1781 ||| FLEEEEING.
  1782 | D:3      | 1782 ||| FLEEEEING.
  1783 | D:3      | 1783 ||| FLEEEEING.
  1797 | D:3      | 1797 ||| FLEEEEING.
  1821 | D:3      | 1821 ||| FLEEEEING.
  1822 | D:3      | 1822 ||| FLEEEEING.
  1823 | D:3      | 1823 ||| FLEEEEING.
  1824 | D:3      | 1824 ||| FLEEEEING.
  1825 | D:3      | 1825 ||| FLEEEEING.
  1826 | D:3      | 1826 ||| FLEEEEING.
  1827 | D:3      | 1827 ||| FLEEEEING.
  1828 | D:3      | 1828 ||| FLEEEEING.
  1829 | D:3      | 1829 ||| FLEEEEING.
  1834 | D:3      | 1834 ||| STAIRDANCE
  1861 | D:2      | 1861 ||| UPGRADING to +0 cloak.
  1866 | D:2      | 1866 ||| READING scroll labelled KULUINU POLOBAA.
  2035 | D:3      | Reached skill level 5 in Axes
  2096 | D:3      | 2096 ||| Stepping ~*~*~tactically~*~*~ (stealth).
  2103 | D:3      | 2103 ||| Stepping ~*~*~tactically~*~*~ (stealth).
  2105 | D:3      | 2105 ||| Stepping ~*~*~tactically~*~*~ (stealth).
  2113 | D:3      | 2113 ||| Stepping ~*~*~tactically~*~*~ (stealth).
  2151 | D:3      | 2151 ||| Stepping ~*~*~tactically~*~*~ (stealth).
  2221 | D:3      | 2221 ||| FLEEEEING.
  2229 | D:3      | 2229 ||| FLEEEEING.
  2230 | D:3      | 2230 ||| FLEEEEING.
  2231 | D:3      | 2231 ||| FLEEEEING.
  2232 | D:3      | 2232 ||| FLEEEEING.
  2233 | D:3      | 2233 ||| FLEEEEING.
  2234 | D:3      | 2234 ||| FLEEEEING.
  2235 | D:3      | 2235 ||| FLEEEEING.
  2240 | D:3      | 2240 ||| FLEEEEING.
  2241 | D:3      | 2241 ||| FLEEEEING.
  2242 | D:3      | 2242 ||| FLEEEEING.
  2243 | D:3      | 2243 ||| FLEEEEING.
  2243 | D:3      | HP: 5/26 [poisoned by a kobold]
  2244 | D:3      | 2244 ||| FLEEEEING.
  2245 | D:3      | 2245 ||| FLEEEEING.
  2246 | D:3      | 2246 ||| FLEEEEING.
  2247 | D:3      | 2247 ||| FLEEEEING.
  2247 | D:3      | HP: 2/26 [poisoned by a kobold]
  2248 | D:3      | 2248 ||| FLEEEEING.
  2249 | D:3      | 2249 ||| FLEEEEING.
  2249 | D:3      | Succumbed to a kobold's poison

Levels and vault maps discovered:
D:1:      mrwooster_arrival_statue, layout_rooms, serial_shops, shop,
          shapermc_ecumenical_altar_petra
D:2:      layout_basic
D:3:      layout_loops_ring, dk_noncrumbling_3

Skill      XL: |  1  2  3  4 |
---------------+-------------+-----
Axes           | 3 4 5 |  5.3
Fighting       | |  2.0
Throwing       | |  1.0
Armour         | |  1.1
Dodging        | |  2.1
Spellcasting   | |  2.0
Translocations | |  2.4

Action                   |  1- 3 |  4- 6 || total
-------------------------+-------+-------++-------
Melee: Hand axe          |    57 |    43 ||   100
       Kick              |     6 |    11 ||    17
       Peck              |     7 |     5 ||    12
Throw: Boomerang         |     7 |       ||     7
  Use: Scroll            |     4 |     2 ||     6
       Potion            |     2 |       ||     2
Armor: Leather armour    |    22 |     7 ||    29
Dodge: Dodged            |    31 |    15 ||    46

Table legend:
 A = Non-vault XP
 B = Vault XP
 C = Vault XP percentage of total XP
 D = Non-vault monster count
 E = Vault monster count
 F = Vault count percentage of total count
                 A         B        C        D         E       F
            +---------+---------+-------+---------+---------+-------
      Total |     148 |       0 |   0.0 |      39 |       0 |   0.0
            +---------+---------+-------+---------+---------+-------
        D:1 |      11 |       0 |   0.0 |       7 |       0 |   0.0
        D:2 |      72 |       0 |   0.0 |      16 |       0 |   0.0
        D:3 |      65 |       0 |   0.0 |      16 |       0 |   0.0
            +---------+---------+-------+---------+---------+-------
